 Dungeon Crawl Stone Soup version 0.30-a0-341-g682706514a (webtiles) character file.

Game seed: 13745059362340020706

464 pascalblue the Magician (level 6, 0/32 HPs)
             Began as a Deep Elf Air Elementalist on Nov 3, 2022.
             Slain by Grinder (4 damage)
             ... on level 4 of the Dungeon on Nov 4, 2022.
             The game lasted 00:16:00 (3821 turns).

pascalblue the Magician (Deep Elf Air Elementalist) Turns: 3821, Time: 00:16:00

Health: 0/32       AC: 10    Str:  5    XL:     6   Next: 80%
Magic:  1/18       EV: 12    Int: 22    God:
Gold:   231        SH:  0    Dex: 15    Spells: 9/19 levels left

rFire   + . .      SeeInvis +    y - +5 club
rCold   + . .      Faith    +    (no shield)
rNeg    . . .      Spirit   .    a - +2 robe
rPois   +          Reflect  .    s - +1 helmet {SInv}
rElec   +          Harm     .    f - +0 cloak
rCorr   +          Rampage  .    c - +2 pair of gloves
Will    .....                    (no boots)
Stlth   ++........               i - amulet of faith
HPRegen 0.25/turn                m - ring of wizardry
MPRegen 0.16/turn                (no ring)

@: resistant, hasted, studying Maces & Flails, very quick
A: no striking features
a: no special abilities


You were on level 4 of the Dungeon.
You visited 1 branch of the dungeon, and saw 4 of its levels.
You also visited: Sewer.

You collected 231 gold pieces.

Inventory:

Hand Weapons
 e - a +2 dagger of venom
 j - a +0 dagger of freezing
 t - a +0 dagger of venom
 y - a +5 club (weapon)
Armour
 a - a +2 robe (worn)
 c - a +2 pair of gloves (worn)
 f - a +0 cloak (worn)
 s - a +1 helmet of see invisible (worn)
Jewellery
 i - an amulet of faith (around neck)
 m - a ring of wizardry (left hand)
Wands
 x - a wand of charming (4)
Scrolls
 k - a scroll of amnesia
 l - a scroll of fog
 r - 2 scrolls of teleportation
 w - a scroll of identify
Potions
 b - a potion of magic
 d - a potion of attraction
 h - 3 potions of haste
 n - a potion of flight
 o - a potion of heal wounds {unknown}
 p - 2 potions of brilliance {unknown}
 q - 3 potions of resistance
 u - 2 potions of berserk rage {unknown}
 v - 2 potions of mutation {unknown}
 z - a potion of degeneration {unknown}


   Skills:
 - Level 2.4 Dodging
 - Level 2.4 Stealth
 * Level 7.2 Spellcasting
 + Level 2.5 Conjurations
 * Level 5.3 Air Magic


You had 9 spell levels left.
You knew the following spells:

 Your Spells              Type           Power      Damage    Failure   Level
a - Shock                 Conj/Air       100%       1d9       1%          1
b - Static Discharge      Conj/Air       50%        2-5/arc   1%          2
c - Swiftness             Air            31%        N/A       1%          3
d - Airstrike             Air            15%        2d(3-19)  3%          4

Your spell library contained the following spells:

 Spells                   Type           Power      Damage    Failure   Level
 Sublimation of Blood     Necr           7%         N/A       4%          2
 Gell's Gravitas          Tloc           7%         N/A       10%         3
 Teleport Other           Tloc           7%         N/A       10%         3
 Petrify                  Tmut/Erth      7%         N/A       32%         4
 Irradiate                Conj/Tmut      6%         3d13      45%         5
 Dispersal                Tloc           3%         N/A       99%         6


Dungeon Overview and Level Annotations

Branches:
Dungeon (4/15)              Sewer (visited)
 Temple: D:4-7

Altars:
The Shining One

Annotations:
D:4 Grinder


Message History

You resist.
You are struck by an arc of lightning.
The lightning grounds out.
Grinder closely misses you.
Casting: Static Discharge (safe; 1% risk of failure)
Confirm with . or Enter, or press ? or * to list all spells.
Grinder is struck by an arc of lightning.
Grinder is severely wounded.
You resist.
You are struck by an arc of lightning.
Grinder is struck by an arc of lightning.
Grinder is almost dead.
You resist.
You are struck by an arc of lightning.
Grinder barely misses you.
Casting: Static Discharge (safe; 1% risk of failure)
Confirm with . or Enter, or press ? or * to list all spells.
Grinder is struck by an arc of lightning.
Grinder is almost dead.
You resist.
You are struck by an arc of lightning.
Unknown command.
You closely miss Grinder.
Grinder is almost dead.
Grinder says, "FISH!"
Grinder gestures at you.
You struggle to resist.
You closely miss Grinder.
Grinder is almost dead.
Grinder hits you.
You writhe in agony.
You hit Grinder.
Grinder is almost dead.
Grinder zaps a wand.
The puff of flame hits you. You resist.
You hit Grinder.
Grinder is almost dead.
Grinder gestures at you. Pain shoots through your body!
* * * LOW HITPOINT WARNING * * *
You hit Grinder.
Grinder is almost dead.
Grinder gestures at you. You resist with some effort.
You feel better. Grinder hits you.
* * * LOW HITPOINT WARNING * * *
You writhe in agony.
You die...

######.###
#.?))..)).
#.####.### #.#
#.# #.# #.# #
#5# #.##@##
####.#.#.###
......###..#
...#.#.###
###.##.##
##.....#
#.#####...#.####
#.......#......#
#######...######


You could see Grinder.

Vanquished Creatures
  2 bullfrogs (Sewer)
  An orc priest (D:4)
  Ijyb (D:3)
  An orc wizard (D:4)
  Robin (D:3)
  4 gnolls (D:2)
  7 river rats (Sewer)
  6 adders
  A worm (D:2)
  4 orcs
  3 bats
  5 endoplasms
  3 giant cockroaches
  11 goblins
  5 hobgoblins
  4 kobolds
  2 quokkas
  9 ball pythons
  4 frilled lizards
  20 rats
94 creatures vanquished.

Vanquished Creatures (others)
  3 plants (D:2)
3 creatures vanquished.

Grand Total: 97 creatures vanquished

Notes
Turn   | Place    | Note
-------+----------+-------------------------------------------
     0 | D:1      | pascalblue the Deep Elf Air Elementalist began the quest
                  | for the Orb.
     0 | D:1      | Reached XP level 1. HP: 10/10 MP: 6/6
   538 | D:1      | Found a faded altar of an unknown god.
   542 | D:1      | Reached XP level 2. HP: 15/15 MP: 5/8
  1039 | D:2      | Reached XP level 3. HP: 16/19 MP: 0/10
  1201 | D:2      | Found a glowing golden altar of the Shining One.
  1318 | D:2      | Reached skill level 4 in Spellcasting
  1416 | D:2      | Reached XP level 4. HP: 24/24 MP: 6/12
  1554 | D:2      | Learned a level 2 spell: Static Discharge
  1558 | D:2      | Learned a level 3 spell: Swiftness
  1563 | D:2      | Learned a level 4 spell: Airstrike
  1868 | D:3      | Found a glowing drain.
  1887 | D:3      | Noticed Robin
  1891 | Sewer    | Entered a sewer
  1948 | Sewer    | Reached skill level 5 in Spellcasting
  2241 | Sewer    | Reached XP level 5. HP: 28/28 MP: 11/15
  2437 | Sewer    | Reached skill level 6 in Spellcasting
  2599 | Sewer    | Reached XP level 6. HP: 8/32 MP: 6/17
  2600 | Sewer    | Reached skill level 5 in Air Magic
  2730 | D:3      | Killed Robin
  3145 | D:3      | Noticed Ijyb
  3153 | D:3      | Killed Ijyb
  3154 | D:3      | Reached skill level 7 in Spellcasting
  3788 | D:4      | Noticed Grinder
  3821 | D:4      | Slain by Grinder

Illustrated notes

Levels and vault maps discovered:
D:1:      minmay_arrival_doors, layout_basic,
          hellmonk_ecumenical_altar_slurped_away
D:2:      layout_basic, serial_forest, infiniplex_forest_lined_1,
          infiniplex_forest_straight_4, infiniplex_forest_lined_3,
          infiniplex_forest_clump_medium, infiniplex_forest_clump_diagonal,
          infiniplex_forest_end_1, infiniplex_forest_pool,
          infiniplex_forest_clump_curved, basic_altar, minmay_misc_feat_encased
D:3:      layout_basic, gup_sewer_entry_glass, hangedman_abyss_or_decor_stabs,
          kennysheep_minor_cross, uniq_ijyb, uniq_robin
D:4:      layout_loops_ring, minmay_temple_entry_waves, uniq_grinder,
          uniq_pikel, uniq_crazy_yiuf_cottage

Skill      XL: |  1  2  3  4  5  6 |
---------------+-------------------+-----
Air Magic      | 4 5 |  5.3
Spellcasting   | 4 5 6 7 |  7.2
Conjurations   | 2 |  2.5
Dodging        | |  2.4
Stealth        | |  2.4

Action                   |  1- 3 |  4- 6 || total
-------------------------+-------+-------++-------
Melee: Dagger            |     9 |       ||     9
       Club              |       |     5 ||     5
 Cast: Shock             |    47 |   128 ||   175
       Static Discharge  |       |    14 ||    14
  Use: Scroll            |       |    15 ||    15
       Potion            |       |     3 ||     3
Armor: Robe              |     4 |     6 ||    10
Dodge: Dodged            |     8 |    16 ||    24

Table legend: (Time is in decaauts)
 A = Elapsed time spent in this place.
 B = Non-inter-level travel time spent in this place.
 C = Inter-level travel time spent in this place.
 D = Time resting spent in this place.
 E = Time spent auto-exploring this place.
 F = Levels seen in this place.
 G = Mean time per level.
                   A        B        C        D        E       F      G
               +--------+--------+--------+--------+--------+-----+--------+
         Total |   3852 |   3756 |     96 |    159 |   3085 |   5 |  770.4 |
       Dungeon |   2989 |   2893 |     96 |     71 |   2431 |   4 |  747.2 |
         Sewer |    863 |    863 |      0 |     88 |    654 |   1 |  863.0 |
               +--------+--------+--------+--------+--------+-----+--------+

Top non-repeatable levels by time:
     D:3: 1128 daAuts
     D:2: 933 daAuts
   Sewer: 863 daAuts
     D:1: 856 daAuts
     D:4: 72 daAuts
